 Dungeon Crawl Stone Soup version 0.27.0-1-g7a089689b8 (webtiles) character file.

Game seed: 8700256258572492152

8367 garrulousMonolith the Carver (level 11, -3/87 HPs)
             Began as a Demonspawn Gladiator on Aug 14, 2021.
             Was a Priest of Yredelemnul.
             Slain by a sixfirhy (11 damage)
             ... summoned by a kobold demonologist
             ... on level 10 of the Dungeon.
             The game lasted 00:22:24 (16793 turns).

garrulousMonolith the Carver (DsGl)                Turns: 16793, Time: 00:22:25

Health: -3/87      AC: 17    Str: 22    XL:     11   Next: 9%
Magic:  13/15      EV: 13    Int: 11    God:    Yredelemnul [***...]
Gold:   581        SH:  7    Dex: 15    Spells: 10/10 levels left

rFire    . . .     SeeInvis .   N - +9 falchion "Celliel" {vorpal, Will+}
rCold    . . .     Faith    .   I - +2 buckler
rNeg     . . .     Spirit   .   H - +0 plate armour {rPois}
rPois    +         Reflect  .   z - +1 helmet
rElec    .         Harm     .   (no cloak)
rCorr    .         Rampage  .   g - +0 pair of gloves
Will     +....                  (no boots)
Stlth    ..........             c - amulet of the acrobat
HPRegen  0.24/turn              e - +4 ring of evasion
MPRegen  0.14/turn              E - +6 ring of strength

@: no status effects
A: hooves 2, rugged brown scales 1, powered by death 1
a: Renounce Religion, Recall Undead Slaves, Injury Mirror, Animate Dead


You were on level 10 of the Dungeon.
You worshipped Yredelemnul.
Yredelemnul was most pleased with you.
You visited 2 branches of the dungeon, and saw 11 of its levels.
You also visited: Sewer and Ossuary.

You collected 581 gold pieces.

Inventory:

Hand Weapons
 p - a +0 broad axe
 A - a +2 whip of venom
 L - a +1 trident of protection
 N - the +9 falchion "Celliel" (weapon) {vorpal, Will+}
   (You found it on level 10 of the Dungeon)

   It inflicts extra damage upon your enemies.
   Will:      It increases your willpower.
Missiles
 d - 5 throwing nets
 i - 38 poisoned darts (quivered)
 y - 8 javelins
Armour
 g - a +0 pair of gloves (worn)
 x - a +0 troll leather armour
 z - a +1 helmet (worn)
 H - a +0 plate armour of poison resistance (worn)
 I - a +2 buckler (worn)
Magical Staves
 f - a staff of cold
Jewellery
 c - an amulet of the acrobat (around neck)
 e - a +4 ring of evasion (left hand)
 o - a ring of ice
 t - a ring of protection from fire
 E - a +6 ring of strength (right hand)
 M - a ring of positive energy
Wands
 u - a wand of flame (41)
Scrolls
 j - a scroll of fear
 k - 4 scrolls of teleportation
 m - a scroll of fog
 n - 6 scrolls of enchant armour
 r - 3 scrolls of blinking
 s - a scroll of enchant weapon
 C - a scroll of magic mapping
Potions
 a - 2 potions of curing
 b - 4 potions of flight
 q - 3 potions of mutation
 v - a potion of magic
 w - 2 potions of haste
 B - a potion of brilliance
 D - 2 potions of invisibility {unknown}
 F - a potion of resistance {unknown}
 G - 2 potions of attraction {unknown}
 J - 3 potions of lignification {unknown}
 K - a potion of ambrosia {unknown}


   Skills:
 + Level 7.6 Fighting
 * Level 10.0 Long Blades
 - Level 2.0 Throwing
 + Level 5.5 Armour
 + Level 7.3 Dodging
 + Level 3.6 Shields
 + Level 6.2 Invocations


You had 10 spell levels left.
You didn't know any spells.
Your spell library contained the following spells:

 Spells                   Type           Power      Damage    Failure   Level
 Summon Small Mammal      Summ           0%         N/A       100%        1
 Call Canine Familiar     Summ           0%         N/A       100%        3
 Portal Projectile        Hex/Tloc       0%         N/A       100%        3
 Summon Guardian Golem    Hex/Summ       0%         N/A       100%        3
 Leda's Liquefaction      Hex/Erth       0%         N/A       100%        4


Dungeon Overview and Level Annotations

Branches:
Dungeon (10/15)            Temple (1/1) D:6            Lair (0/6) D:9
  Sewer (visited)         Ossuary (visited)
    Orc: D:9-12

Altars:
Ashenzari
Cheibriados
Dithmenos
Elyvilon
Fedhas
Gozag
Hepliaklqana
Kikubaaqudgha
Makhleb
Nemelex Xobeh
Okawaru
Qazlal
Ru
Sif Muna
Trog
Uskayaw
Vehumet
Wu Jian
Xom
Yredelemnul
Zin
The Shining One

Annotations:
D:2 Terence


Innate Abilities, Weirdness & Mutations

You have hoof-like feet.
You are partially covered in rugged brown scales. (AC +1, +3% HP)
You regenerate a little health from kills.


Message History

You miss the kobold demonologist.
You kick the kobold demonologist, but do no damage.
The kobold demonologist gestures wildly while chanting.
You hit the yak but do no damage. You kick the yak, but do no damage.
The yak is almost dead.
The yak gores you!
The kobold demonologist hits you but does no damage.
You hit the yak.
You kill the yak!
Yredelemnul accepts your kill.
The sixfirhy hits you but does no damage. x2
You block the kobold demonologist's attack.
The sixfirhy closely misses you.
You riposte.
You hit the sixfirhy. Your kick misses the sixfirhy.
The sixfirhy is moderately wounded.
Your Long Blades skill increases to level 10!
You call on the dead to rise...
The dead are walking!
The sixfirhy hits you. The sixfirhy shocks you!
* * * LOW HITPOINT WARNING * * *
You block the sixfirhy's attack. The ufetubus hits your yak zombie. x2
The kobold demonologist misses you. The ufetubus hits your yak zombie. x2
You slash the kobold demonologist!
Your kick misses the kobold demonologist.
The kobold demonologist is moderately wounded.
The ufetubus hits your yak zombie.
The ufetubus hits your yak zombie but does no damage.
You block the kobold demonologist's attack.
You hit the kobold demonologist.
You kick the kobold demonologist, but do no damage.
The kobold demonologist is moderately wounded.
The ufetubus hits your yak zombie. x2
Your yak zombie barely misses the ufetubus.
The kobold demonologist hits you but does no damage.
You slash the kobold demonologist!
The kobold demonologist is severely wounded.
The sixfirhy hits you!
* * * LOW HITPOINT WARNING * * *
The sixfirhy shocks you!
You die...
Your body rises from the dead as a mindless zombie.

######.#..# . # #.........#
#.. # #.####...Z# ####.....
##### .........#####.........
#.... .#.#...........#
#..##.##. #...#..#####..#
)........
...>....#####..###..#...##....
#######.##.5Z......# #....
#.##.##@##..## ##.#. #..$..K3#
.## #.#. #..#<#.#5# # #.##
#.#.... ... #.## # ##.#. $#.#
#... #.... ..... #### ..# #.
.# #.# # ### .. .. ... # #. .#
#. #


You could see a kobold demonologist, a sixfirhy (summoned), 2 ufetubi and a
friendly yak zombie.

Vanquished Creatures
  2 two-headed ogres (D:10)
  A wyvern (D:8)
  A shadow (D:10)
  8 yaks
  3 steam dragons
  A water moccasin (D:6)
  Duvessa (D:7)
  An acid dragon (D:8)
  A sky beast (D:6)
  6 orc warriors
  2 ice beasts
  A necrophage (D:4)
  4 ogres
  2 wolves (D:8)
  2 centaurs
  2 bullfrogs (D:9)
  A gnoll sergeant (D:7)
  Dowan (D:7)
  A scorpion (D:5)
  2 water moccasin skeletons
  A killer bee (D:9)
  5 wights (D:7)
  2 howler monkeys
  An electric eel (D:9)
  3 centaur zombies
  A bullfrog zombie (D:5)
  3 jellies
  5 hounds
  8 orc priests
  4 bullfrog skeletons
  3 gnoll shamans
  2 iguanas
  6 orc wizards
  4 mummies
  30 gnolls
  12 adders
  A howler monkey skeleton (D:7)
  2 white imps (D:5)
  An ufetubus (D:6)
  7 worms
  2 dart slugs
  17 orcs
  8 ball pythons
  13 bats
  13 endoplasms
  2 giant cockroaches (D:1)
  12 goblins
  10 hobgoblins
  10 jackals
  9 kobolds
  7 quokkas
  4 frilled lizards
  A gnoll zombie (Ossuary)
  A hobgoblin zombie (Ossuary)
  3 kobold zombies (Ossuary)
  2 orc zombies (Ossuary)
  8 rats
266 creatures vanquished.

Vanquished Creatures (collateral kills)
  Harold (D:9)
  A troll (D:9)
  A yak (D:8)
  A wolf (D:9)
  A phantom (D:6)
  2 bullfrogs (D:6)
  A gnoll sergeant (D:9)
  2 killer bees (D:9)
  An electric eel (D:9)
  2 howler monkeys
  An orc priest (D:9)
  2 hounds (D:9)
  3 gnolls
  A worm (D:6)
  5 orcs
25 creatures vanquished.

Vanquished Creatures (others)
  An orc wizard (D:6)
  A human zombie (D:9)
  A two-headed ogre zombie (D:10)
  A troll zombie (D:9)
  2 bullfrog zombies (D:9)
  6 gnoll zombies
  3 hound zombies (D:9)
  A howler monkey zombie (D:7)
  2 orc skeletons (D:9)
  4 orc zombies
  2 steam dragon zombies
  A wyvern zombie (D:8)
25 creatures vanquished.

Grand Total: 316 creatures vanquished

Notes
Turn   | Place    | Note
-------+----------+-------------------------------------------
     0 | D:1      | garrulousMonolith the Demonspawn Gladiator began the quest
                  | for the Orb.
     0 | D:1      | Reached XP level 1. HP: 16/16 MP: 1/1
   369 | D:1      | Gained mutation: You have large cloven feet. [demonic
                  | ancestry]
   369 | D:1      | Reached XP level 2. HP: 14/22 MP: 2/2
   507 | D:1      | Reached skill level 3 in Long Blades
  1117 | D:1      | Gained mutation: You are partially covered in rugged brown
                  | scales. (AC +1, +3% HP) [demonic ancestry]
  1117 | D:1      | Reached XP level 3. HP: 22/28 MP: 3/3
  1819 | D:2      | Noticed Terence
  2048 | D:2      | Reached XP level 4. HP: 35/35 MP: 4/4
  2823 | D:3      | Reached skill level 4 in Long Blades
  2895 | D:3      | Reached XP level 5. HP: 35/42 MP: 5/5
  3083 | D:3      | Found a faded altar of an unknown god.
  3121 | D:4      | Noticed an ogre
  3127 | D:4      | Killed an ogre
  3137 | D:4      | Reached XP level 6. HP: 26/48 MP: 6/6
  3324 | D:4      | Reached skill level 5 in Long Blades
  3740 | D:4      | Gained mutation: You have hoof-like feet. [demonic
                  | ancestry]
  3740 | D:4      | Reached XP level 7. HP: 40/55 MP: 7/7
  4494 | D:5      | Entered Level 5 of the Dungeon
  5028 | D:5      | Reached skill level 6 in Long Blades
  5176 | D:5      | Reached skill level 1 in Armour
  5441 | D:5      | Reached XP level 8. HP: 57/62 MP: 8/8
  6163 | D:6      | Reached skill level 5 in Fighting
  6163 | D:6      | Reached skill level 5 in Dodging
  6167 | D:6      | Found a glowing drain.
  6185 | Sewer    | Entered a sewer
  7391 | D:6      | Reached skill level 7 in Long Blades
  7502 | D:6      | Found a radiant altar of Vehumet.
  8654 | D:6      | Found a staircase to the Ecumenical Temple.
  8663 | Temple   | Entered the Ecumenical Temple
  8779 | Temple   | Became a worshipper of Yredelemnul the Dark
  8916 | D:6      | Gained mutation: You regenerate a little health from kills.
                  | [demonic ancestry]
  8916 | D:6      | Reached XP level 9. HP: 54/71 MP: 9/9
  9117 | D:7      | Reached skill level 1 in Invocations
  9265 | D:7      | Found a sand-covered staircase.
  9297 | Ossuary  | Entered an ossuary
  9648 | Ossuary  | Reached skill level 8 in Long Blades
  9924 | D:7      | Noticed Dowan
  9952 | D:7      | Noticed Duvessa
  9975 | D:7      | Killed Duvessa
  9984 | D:7      | Killed Dowan
 10253 | D:7      | Reached * piety under Yredelemnul
 11297 | D:6      | Reached skill level 1 in Shields
 12712 | D:8      | Reached ** piety under Yredelemnul
 13334 | D:8      | Reached XP level 10. HP: 57/79 MP: 13/13
 13679 | D:8      | Reached skill level 9 in Long Blades
 14164 | D:9      | Found a staircase to the Lair.
 14511 | D:9      | Noticed Harold
 14534 | D:9      | Killed Harold
 14535 | D:9      | Reached skill level 5 in Invocations
 14566 | D:9      | Your ally Harold died
 14573 | D:9      | Reached skill level 5 in Armour
 15109 | D:8      | Noticed a rust devil
 15109 | D:8      | Noticed a rust devil
 16294 | D:9      | Found an iron altar of Okawaru.
 16408 | D:9      | Reached *** piety under Yredelemnul
 16525 | D:10     | Entered Level 10 of the Dungeon
 16560 | D:10     | Noticed a two-headed ogre
 16569 | D:10     | Killed a two-headed ogre
 16619 | D:10     | Identified the +9 falchion "Celliel" {vorpal, Will+}
 16770 | D:10     | Noticed a two-headed ogre
 16780 | D:10     | Killed a two-headed ogre
 16781 | D:10     | Reached XP level 11. HP: 52/87 MP: 15/15
 16788 | D:10     | Noticed a sixfirhy
 16790 | D:10     | Reached skill level 10 in Long Blades
 16793 | D:10     | Slain by a sixfirhy

Illustrated notes

Levels and vault maps discovered:
D:1:      dpeg_arrival_erosion, layout_loops_ring, minmay_misc_feat_plants
D:2:      minmay_recursive_quarters, layout_rooms, uniq_terence
D:3:      layout_rooms, dreamdust_ecumenical_altar_sealed_demon,
          nrook_loot_triangle
D:4:      layout_loops_cross, kennysheep_cross_room, lemuel_old_faithful
D:5:      layout_basic
D:6:      layout_loops_corners, mainiacjoe_overflow_alcove_4,
          minmay_temple_entry_proselytizer, cheibrodos_sewer_entry_drain,
          minmay_circle_x
D:7:      layout_basic, gup_ossuary_entry_pyramid, uniq_duvessa
D:8:      cheibrodos_iron_armory, layout_cave_pods
D:9:      layout_basic, general_overflow_altar, erik_lair_island,
          enter_bailey_4, uniq_harold
D:10:     layout_loops_cross, st_stairs_10, minmay_misc_feat_cross,
          minmay_curled_crystal
Temple:   regret_index_temple_chain_breaker

Skill      XL: |  1  2  3  4  5  6  7  8  9 10 11 |
---------------+----------------------------------+-----
Long Blades    | 3 4 5 6 7 8 9 10 | 10.0
Throwing       | 2 |  2.0
Dodging        | 3 4 5 6 7 |  7.3
Fighting       | 3 4 5 6 7 |  7.6
Armour         | 1 3 4 5 |  5.5
Invocations    | 4 6 |  6.2
Shields        | 1 3 |  3.6

Action                   |  1- 3 |  4- 6 |  7- 9 | 10-12 || total
-------------------------+-------+-------+-------+-------++-------
Melee: Long sword        |   111 |   147 |   514 |   185 ||   957
       Kick              |    24 |    36 |   165 |   102 ||   327
       Spear             |       |       |     1 |       ||     1
       Trident           |       |       |       |    38 ||    38
       Falchion          |       |       |       |    20 ||    20
Throw: Dart              |       |       |    36 |       ||    36
Invok: Animate Remains   |       |       |    14 |    26 ||    40
       Animate Dead      |       |       |       |     2 ||     2
Evoke: Wand              |       |     2 |    12 |       ||    14
  Use: Scroll            |     1 |     2 |    15 |     2 ||    20
       Potion            |       |     1 |    11 |     2 ||    14
 Stab: Paralysed         |       |     5 |       |       ||     5
       Distracted        |       |       |     2 |     1 ||     3
Armor: Ring mail         |    41 |    67 |    13 |       ||   121
       Leather armour    |     1 |       |       |       ||     1
       Chain mail        |       |       |   235 |       ||   235
       Plate armour      |       |       |    43 |   192 ||   235
Dodge: Dodged            |    63 |    92 |   248 |   117 ||   520
Block: Buckler           |       |       |    47 |   126 ||   173
       Rpst.: Long sword |    20 |    22 |    68 |    23 ||   133
       Falchion          |       |       |       |     1 ||     1
